Cogmind - Beta 13 @@@ ROGUE MODE // 2024.04.07 @ 03:30:03 Player: iromakkem Result: Destroyed by G-47 Trooper with Particle Gun Performance ------------- Evolutions (2) 1000 Regions Visited (4) 800 Robots Destroyed (48) 240 Value Destroyed (1221) 1221 Prototype IDs (4) 80 Alien Tech Used (0) 0 Bonus (0) 0 TOTAL SCORE: 3341 Bonus ------- None Cogmind --------- Core Integrity 0/550 Matter 202/300 Energy 93/100 System Corruption 3% Temperature Cool (20) Movement Core (200) Ox3 Location -8/Storage Parts ------- > --- POWER (2) -------- (None) > --- PROPULSION (2) --- (None) > --- UTILITY (4) ------ Small Storage Unit > --- WEAPON (3) ------- Heavy Particle Gun Heavy Assault Rifle > --- INVENTORY (8) ---- Light Ion Engine Light Nuclear Core Armored Treads Pulse Rifle Heavy Particle Gun Datajack Peak State ------------ > --- POWER ------------ Light Ion Engine Light Nuclear Core > --- PROPULSION ------- Armored Treads Armored Treads > --- UTILITY ---------- Improved Heat Sink Small Storage Unit Hardened Heavy Armor Plating > --- WEAPON ----------- Heavy Particle Gun Heavy Assault Rifle Maul > --- INVENTORY -------- Light Ion Engine Armored Treads Improved Medium Laser Heavy Particle Gun Heavy Assault Rifle Datajack [Rating: 31] Favorites ----------- Power Light Ion Engine Engine Light Ion Engine Power Core Light Nuclear Core Propulsion Aluminum Leg Treads Light Treads Leg Aluminum Leg Utility Small Storage Unit Device Sensor Array Storage Small Storage Unit Protection Light Armor Plating Weapon Maul Energy Gun Heavy Particle Gun Ballistic Gun Assault Rifle Impact Weapon Maul Special Melee Weapon Datajack Build | -11 -10 -9 -8 -8 ------- Run | Yrd Mat Mat Mat Sto Slots Evolved 4 | . . 2 2 . Power 1 | . . . 1 . Propulsion . | . . . . . Utility 2 | . . 1 1 . Weapon 1 | . . 1 . . Parts Attached 45 | 7 1 17 18 2 Power 9 | 2 . 3 4 . Engine 7 | 2 . 3 2 . Core 2 | . . . 2 . Reactor . | . . . . . Propulsion 8 | 2 . 3 3 . Treads 4 | 2 . . 2 . Leg 4 | . . 3 1 . Wheel . | . . . . . Hover . | . . . . . Flight . | . . . . . Utility 10 | 1 1 2 6 . Device 4 | . 1 1 2 . Storage 2 | 1 . . 1 . Processor . | . . . . . Hackware . | . . . . . Protection 4 | . . 1 3 . Artifact . | . . . . . Weapon 18 | 2 . 9 5 2 Energy Gun 10 | 1 . 6 3 . Energy Cannon . | . . . . . Ballistic Gun 4 | 1 . . 2 1 Ballistic Cannon . | . . . . . Launcher . | . . . . . Special Weapon . | . . . . . Impact Weapon 3 | . . 2 . 1 Slashing Weapon . | . . . . . Piercing Weapon . | . . . . . Special Melee Weapon 1 | . . 1 . . Unidentified Prototypes 4 | . . 3 1 . Corrupted Parts 1 | . . . 1 . System Corruption 1 | . . . 1 . Parts Lost 19 | . . 2 10 7 Power 5 | . . 1 3 1 Propulsion 4 | . . . 2 2 Utility 6 | . . 1 3 2 Weapon 4 | . . . 2 2 Highest Loss Streak 7 | . . 2 7 7 To Critical Strikes 1 | . . . . 1 Average Slot Usage (%) 85 | . 85 94 81 65 Engine 10 | . 14 11 8 6 Core 1 | . . . 2 . Treads 10 | . 28 6 4 14 Leg 9 | . . 14 11 . Device 10 | . . 13 13 9 Storage 10 | . 14 11 9 9 Protection 3 | . . 4 3 3 Energy Gun 14 | . 14 16 14 15 Ballistic Gun 6 | . 14 5 3 1 Impact Weapon 5 | . . 4 8 6 Special Melee Weapon 1 | . . 6 . . Naked Turns . | . . . . . Heaviest Build 43 | 13 14 21 43 38 Greatest Support 40 | 40 40 40 40 40 Greatest Overweight (x) 3 | 1 . 2 2 3 Average Overweight (x) . | . . . . . Largest Inventory Capacity 8 | 8 8 8 8 8 Average Capacity 7 | 7 8 8 8 8 Most Carried 8 | 4 8 8 8 7 Average Carried 6 | 2 5 7 7 6 Final Capacity 8 | 8 8 8 8 8 Final Carried 8 | 4 8 8 7 6 Class Distribution -------------------- 74% | Mutant 23% | Scavenger-Mutant Dominant Class ---------------- Mutant | -10/Materials Mutant | -9/Materials Mutant | -8/Materials Scavenger-Mutant | -8/Storage Resources | -11 -10 -9 -8 -8 ----------- Run | Yrd Mat Mat Mat Sto Matter Collected 792 | 276 82 252 182 . Remotely . | . . . . . Salvage Created 1904 | 88 151 731 855 79 Parts 114 | 2 9 42 53 8 Haulers Intercepted 3 | . . 3 . . Recyclers Shooed 1 | . 1 . . . Parts Field Recycled . | . . . . . Retrieved Matter . | . . . . . Parts Self-Destructed . | . . . . . Prevented . | . . . . . Kills | -11 -10 -9 -8 -8 ------- Run | Yrd Mat Mat Mat Sto Combat Hostiles Destroyed 33 | . 2 9 19 3 Guns 33 | . 2 9 19 3 Classes Destroyed 11 | 1 2 5 3 . Worker 5 | . . 4 1 . Builder 1 | . . 1 . . Hauler 3 | . . 3 . . Recycler 2 | 1 . . 1 . Mechanic 1 | . . . 1 . Watcher 3 | . 2 1 . . Swarmer 9 | . . . 7 2 Grunt 18 | . 2 6 10 . Brawler 1 | . . 1 . . Sentry 4 | . . 2 1 1 Heavy 1 | . . . 1 . Best Kill Streak 7 | 1 3 4 7 2 Combat Bots Only 7 | . 1 3 7 2 Max Kills in Single Turn 1 | 1 1 1 1 1 Gunslinging . | . . . . . Exploded . | . . . . . Melee . | . . . . . Uniques/NPCs Destroyed . | . . . . . Combat | -11 -10 -9 -8 -8 -------- Run | Yrd Mat Mat Mat Sto Hostile Shots Fired 295 | . 7 50 156 82 Missed 61 | . 3 9 31 18 Damage Taken 3452 | . 48 595 2064 745 Core 667 | . 12 95 434 126 Absorbed by Shields . | . . . . . Core Remaining (%) 90 | 100 95 76 . . Volleys Fired 143 | 2 24 47 53 17 Largest 3 | 2 2 3 2 2 Hottest 157 | 60 60 157 120 120 Shots Fired 258 | 4 44 80 104 26 Gun 258 | 4 44 80 104 26 Cannon . | . . . . . Launcher . | . . . . . Special . | . . . . . Kinetic 106 | 2 24 29 47 4 Thermal 132 | 2 20 31 57 22 Explosive . | . . . . . Electromagnetic 20 | . . 20 . . Robot Hit Streak 7 | 3 5 6 7 4 Robot Miss Streak 10 | . 6 3 3 10 Penetration Max . | . . . . . Secondary Targets 9 | . . 1 6 2 Max Gunslinging Chain 1 | . . 1 1 1 Shots Hit Robots 175 | 3 22 64 74 12 Core Hits 78 | 2 8 26 38 4 Critical Kills . | . . . . . Critical Parts Destroyed 3 | . . 1 1 1 Critical Strikes 7 | . . 4 2 1 Burn 4 | . . 3 1 . Destroy 1 | . . . . 1 Smash 2 | . . 1 1 . Melee Attacks 11 | . . 9 2 . Impact 3 | . . 1 2 . Slashing . | . . . . . Piercing . | . . . . . Sneak Attacks 11 | . . 9 2 . Combat Hostiles . | . . . . . Follow-up Attacks . | . . . . . Damage Inflicted 2902 | 35 282 869 1426 290 Guns 2634 | 35 273 758 1278 290 Cannons . | . . . . . Explosions . | . . . . . Melee 258 | . . 110 148 . Ramming 10 | . 9 1 . . Kinetic 1057 | 13 151 229 604 60 Thermal 1347 | 22 122 299 674 230 Explosive . | . . . . . Electromagnetic 230 | . . 230 . . Impact 258 | . . 110 148 . Slashing . | . . . . . Piercing . | . . . . . Highest Corruption 3 | . . . 1 3 Average Corruption 1 | . . . 1 1 Corruption Purged . | . . . . . Corruption Blocked . | . . . . . Effects 3 | . . . 3 . Message Errors 2 | . . . 2 . Matter Fused 1 | . . . 1 . Overload Shots . | . . . . . Overflow Damage 218 | . . 110 108 . Projectiles . | . . . . . Explosions . | . . . . . Melee 218 | . . 110 108 . Knockbacks 1 | . . . 1 . Impact 1 | . . . 1 . Kinetic . | . . . . . Secondary . | . . . . . Self-Inflicted Damage . | . . . . . Shots . | . . . . . Rammed 1 | . 1 . . . Targets Rammed 2 | . 1 1 . . Kicked . | . . . . . Crushed 1 | . . 1 . . Highest Temperature 420 | . 18 420 372 235 Average Temperature 113 | . 8 104 151 99 Received Heat Transfer 1068 | . 24 198 675 171 Effects 6 | . . 1 5 . Interference 5 | . . . 5 . Short Circuit 1 | . . 1 . . Siege Activations . | . . . . . Robots Corrupted . | . . . . . Combat Hostiles . | . . . . . Parts Fried . | . . . . . Impact Corruptions 5 | . . 1 4 . Robots Melted . | . . . . . Combat Hostiles . | . . . . . Parts Melted 3 | . . 2 . 1 Heat Transferred 3102 | 50 275 890 1406 481 Parts Sabotaged . | . . . . . Parts Stolen . | . . . . . Parts Stripped . | . . . . . Power Chain Reactions . | . . . . . Alert | -11 -10 -9 -8 -8 ------- Run | Yrd Mat Mat Mat Sto Peak Influence 306 | 5 77 187 306 89 Initial 69 | . 3 12 14 69 Average 71 | 2 47 71 89 78 Maximum Alert Level 1 | . . . 1 . Low Security (%) 90 | 100 100 100 77 100 Level 1 9 | . . . 22 . Level 2 . | . . . . . Level 3 . | . . . . . Level 4 . | . . . . . Level 5 . | . . . . . High Security . | . . . . . Max Security . | . . . . . Squads Dispatched 9 | . 2 4 3 . Investigation 6 | . 2 2 2 . Extermination . | . . . . . Reinforcement 3 | . . 2 1 . Assault . | . . . . . Garrison . | . . . . . Intercept . | . . . . . Searches Triggered . | . . . . . Construction Impeded . | . . . . . Haulers Reinforced . | . . . . . Active Scanning Responses . | . . . . . Cargo Convoy Interrupts . | . . . . . Stealth | -11 -10 -9 -8 -8 --------- Run | Yrd Mat Mat Mat Sto Distress Signals 2 | . . 1 1 . Communications Jammed . | . . . . . Distress Signals . | . . . . . Times Spotted 55 | . 6 13 28 8 Peak Tracking Total 10 | . 4 3 10 4 Tactical Retreats 1 | . . . 1 . Traps | -11 -10 -9 -8 -8 ------- Run | Yrd Mat Mat Mat Sto Traps Triggered 4 | . . 2 1 1 Indirectly . | . . . . . Trap Hack Attempts 1 | . . 1 . . Triggered . | . . . . . Disarmed . | . . . . . Reprogrammed . | . . . . . Reused . | . . . . . Traps Extracted . | . . . . . Installed . | . . . . . Triggered . | . . . . . Machines | -11 -10 -9 -8 -8 ---------- Run | Yrd Mat Mat Mat Sto Machines Disabled 1 | . . . 1 . Max in Single Turn 1 | . . . 1 . Machines Repaired . | . . . . . Machines Dismantled . | . . . . . Machines Sabotaged . | . . . . . Overloaded Fab Kills . | . . . . . Hacking | -11 -10 -9 -8 -8 --------- Run | Yrd Mat Mat Mat Sto Machines Accessed 6 | . 2 3 1 . Terminals 6 | . 2 3 1 . Fabricators . | . . . . . Repair Stations . | . . . . . Recycling Units . | . . . . . Scanalyzers . | . . . . . Garrison Access . | . . . . . Total Hacks 20 | . 5 12 3 . Successful 7 | . 1 5 1 . Failed 13 | . 4 7 2 . Catastrophic 4 | . 1 2 1 . Database Lockouts . | . . . . . Manual . | . . . . . Terminals 20 | . 5 12 3 . Fabricators . | . . . . . Repair Stations . | . . . . . Recycling Units . | . . . . . Scanalyzers . | . . . . . Garrison Access . | . . . . . Terminal Hacks 7 | . 1 5 1 . Alert Level 1 | . . 1 . . Unreport Threat 3 | . 1 1 1 . Locate Traps 2 | . . 2 . . Recall Investigation 1 | . . 1 . . Fabricator Hacks . | . . . . . Repair Station Hacks . | . . . . . Recycling Unit Hacks . | . . . . . Scanalyzer . | . . . . . Garrison Access Hacks . | . . . . . Unauthorized Hacks . | . . . . . Terminals . | . . . . . Fabricators . | . . . . . Repair Stations . | . . . . . Recycling Units . | . . . . . Scanalyzers . | . . . . . Garrison Access . | . . . . . Data Cores Recovered . | . . . . . Used . | . . . . . Hacking Detections 6 | . 2 3 1 . Full Trace Events 5 | . 2 2 1 . Feedback Events . | . . . . . Feedback Blocked . | . . . . . Robot Schematics Acquired . | . . . . . Robots Built . | . . . . . Authchips . | . . . . . Time . | . . . . . Total Robot Build Rating . | . . . . . Part Schematics Acquired . | . . . . . Parts Built . | . . . . . Authchips . | . . . . . Time . | . . . . . Total Part Build Rating . | . . . . . Parts Repaired . | . . . . . Time . | . . . . . Parts Recycled . | . . . . . Recycled Matter . | . . . . . Retrieved Matter . | . . . . . Retrieved Components . | . . . . . Parts Scanalyzed . | . . . . . Part Schematics Acquired . | . . . . . Parts Damaged . | . . . . . Bothacking | -11 -10 -9 -8 -8 ------------ Run | Yrd Mat Mat Mat Sto Used RIF Installer . | . . . . . Robots Hacked 3 | . . 3 . . Non-combat 3 | . . 3 . . Combat . | . . . . . Robot Hacks Applied 5 | . . 5 . . parse_system 2 | . . 2 . . no_distress 2 | . . 2 . . find_recycling 1 | . . 1 . . Relay Couplers Released . | . . . . . Fabnet Peak Effective % . | . . . . . Robots Rewired . | . . . . . Allies Hacked . | . . . . . Hacks Repelled . | . . . . . Allies | -11 -10 -9 -8 -8 -------- Run | Yrd Mat Mat Mat Sto Total Allies . | . . . . . Largest Group . | . . . . . Highest-Rated Group . | . . . . . Highest-Rated Ally . | . . . . . Total Orders . | . . . . . Ally Attacks . | . . . . . Total Damage . | . . . . . Kills . | . . . . . Allies Corrupted . | . . . . . Allies Melted . | . . . . . Intel | -11 -10 -9 -8 -8 ------- Run | Yrd Mat Mat Mat Sto Robot Analysis Total . | . . . . . Derelict Logs Recovered . | . . . . . Drone Launches . | . . . . . Drone Recoveries . | . . . . . Exploration | -11 -10 -9 -8 -8 ------------- Run | Yrd Mat Mat Mat Sto Turns Passed 1896 | 80 398 523 827 68 Spaces Moved 600 | 42 202 231 116 9 Core 8 | 6 . . . 2 Treads 352 | 36 202 47 60 7 Legs 240 | . . 184 56 . Wheels . | . . . . . Hover . | . . . . . Flight . | . . . . . Fastest Speed 50 | 50 160 120 120 170 Average Speed 159 | 146 160 142 195 176 Slowest Speed 260 | 160 160 260 260 200 Overloaded Moves . | . . . . . Propulsion Burnouts . | . . . . . Robots Hopped . | . . . . . Cave-ins Triggered . | . . . . . Exploration Rate (%) 19 | 3 41 37 13 3 Regions Visited 4 Branch Regions 1 Pre-discovered Areas . | . . . . . Known Exits Taken . | . . . . . Unknown Exits Taken 4 | 1 1 1 1 . Scrap Searched . | . . . . . Spaces Dug . | . . . . . Terrain Destroyed . | . . . . . Melee . | . . . . . Projectile . | . . . . . AOE . | . . . . . Terrain Rammed . | . . . . . Walls Destroyed . | . . . . . Machines Disabled . | . . . . . Actions | -11 -10 -9 -8 -8 --------- Run | Yrd Mat Mat Mat Sto Total 1272 | 53 232 345 607 35 Wait 421 | . . 12 402 7 Move 596 | 41 201 230 115 9 Hop . | . . . . . Pick Up 31 | 3 5 14 9 . Fast Attach 17 | 6 . 3 8 . Attach 19 | . 1 10 7 1 Detach 1 | . . 1 . . Swap 9 | 1 . 4 3 1 Drop 21 | . . 13 8 . Fire 143 | 2 24 47 53 17 Melee 11 | . . 9 2 . Ram . | . . . . . Kick . | . . . . . Crush 2 | . 1 1 . . Escape Stasis . | . . . . . Rewire . | . . . . . Trap 1 | . . 1 . . Miscellaneous . | . . . . . Route ------- -11/Scrapyard -10/Materials (discovered 2 exits: *Mat / [*Min]) -9/Materials (discovered 2 exits: *Mat / [*Min]) -8/Materials -8/Storage History --------- Turn | Location | Event 29 | -11/Scrapyard | Discovered new exit (range 16) 81 | -11/Scrapyard | Entered Materials 134 | -10/Materials | Discovered new exit (range 11) 310 | -10/Materials | Build established: Mutant 447 | -10/Materials | Discovered new exit (range 6) 479 | -10/Materials | Entered another Materials area 479 | -9/Materials | Evolved 2 slots: Utility x1, Weapon x1 675 | -9/Materials | Discovered new exit (range 15) 976 | -9/Materials | Discovered new exit (range 14) 1002 | -9/Materials | Entered another Materials area 1002 | -8/Materials | Evolved 2 slots: Power x1, Utility x1 1503 | -8/Materials | Core integrity fell below 50% 1536 | -8/Materials | Destroyed 7 combat bots 1538 | -8/Materials | Lost 7 parts (1p2n3u1w) 1755 | -8/Materials | Discovered new exit (range 12) 1829 | -8/Materials | Entered Storage 1847 | -8/Storage | Core integrity fell below 20% 1850 | -8/Storage | Build established: Scavenger-Mutant 1897 | -8/Storage | Destroyed by G-47 Trooper with Particle Gun Last Messages --------------- Defender. 01878_ Particle Gun destroyed. 01879_ Lgt. Ion Engine destroyed. 01882_ G-47 Trooper suffers critical hit (Destroy). 01882_ Destroyed Particle Gun. 01882_ R-06 Scavenger collects Flight Unit. 01884_ Arm. Treads destroyed. 01885_ R-06 Scavenger collects Flight Unit. 01887_ Y-45 Defender destroyed. 01888_ R-06 Scavenger collects Lgt. Treads. 01890_ Triggered Ambush Trap. 01890_ B-36 Bruiser emerges from a hatch in the floor. 01890_ G-47 Trooper emerges from a hatch in the floor. 01891_ R-06 Scavenger collects Beam Rifle. 01896_ Imp. Heat Sink destroyed. 01896_ System corrupted by crushing effect (+2). 01896_ Knocked back. Map ----- +----------------------------------------------------+ | ???????????????????????????? | | ???????????????????????????? | | ???????????????????????????? | | ???????????????????????????? | | ???????????????????????????? | | ???????????????????????????? | | ???????????????????????????? | | ???????????????????????????? | | ???????????????????????????? | | ??????????????????????? ##?? | | ?????????????????????# ?? | | ?????????????????????? ?? | | ?????????????????????? ?? | | ?????????????????????? ?? | | ?????????????????????? [?? | | ??????????????????????# %?? | | ??????????????????????#%=*#? | | ??????????????????????#[%=#? | | ??????????????????????# #? | | ??????????????????????# #? | | ??????????????????????# #? | | ??????????????????????# #? | | ??????????????????????# #? | | ??????????????????????# gb#? | | ??????????????????????# g #? | | ??????????????????????# @#? | | ??????????????????????# #? | | ??????????????????????# #? | | ??????????????????????# #? | | ??????????????????????# #? | | ??????????????????????# #? | | ??????????????????????# #? | | ??????????????????????# #? | | ??????????????????????# #? | | ??????????????????????# #? | | ??????????????????????#####? | | ???????????????????????????? | | ???????????????????????????? | | ???????????????????????????? | | ???????????????????????????? | | ???????????????????????????? | | ???????????????????????????? | | ???????????????????????????? | | ???????????????????????????? | | ???????????????????????????? | | ???????????????????????????? | | ???????????????????????????? | | ???????????????????????????? | | ???????????????????????????? | | ???????????????????????????? | +----------------------------------------------------+ Best States ------------- Heat Dissipation 59 Energy Generation 19 Energy Capacity 310 Matter Stores 300 Matter Capacity 300 Sight Range 16 Robot Scan Range 14 Terrain Scan Range 14 Terrain Scan Density 10 Armor Coverage 600 Evasion (%) 55 Recoil Reduction 2 Item Schematics ----------------- None Robot Schematics ------------------ None Fabricated ------------ Nothing Alien Tech Used ----------------- None Achievements -------------- GoHome() Challenges ------------ None Game ------ Seed ExplosiveSalvageRedirector Manual? 0 Play Time 00:50:36 Cumulative 10.0 hours Start 2024.04.05 @ 18:10:17 End 2024.04.07 @ 03:30:03 Sessions 3 Manual Loads 0 Difficulty Rogue Special Mode None Game No. 12 Rogue 12 Adventurer 0 Explorer 0 Win Type - Total 0 Types 0/0/0/0/0/0/0/0/0 Lore% 4 Gallery% 13 Achievement% 14 Wizard Run 0 Options --------- Layout 1 ASCII 0 Keyboard 0 Movement Mouse Keybinds 0 Fullscreen 1 Font 32/SmallcapsGlow Map View 50x35 Zoom Use 11% Tactical HUD 1 Map Filters NONE Filters NONE Steam 1 RUN: 95d72df3-3d03-4202-938e-09617c8733b8